 Dungeon Crawl Stone Soup version 0.22-a0-367-gb72a975 (webtiles) character file.

170522 dstrtnsr the Martial Artist (level 17, -6/178 HPs)
             Began as a Centaur Ice Elementalist on Apr 22, 2018.
             Was the Champion of Cheibriados.
             Mangled by a nagaraja
             ... wielding a +0 spear
              (14 damage)
             ... on level 4 of the Snake Pit.
             The game lasted 03:27:14 (18275 turns).

dstrtnsr the Martial Artist (CeIE)                 Turns: 18275, Time: 03:27:15

Health: -6/178     AC: 30    Str: 26    XL:     17   Next: 37%
Magic:  0/31       EV: 18    Int: 34    God:    Cheibriados [******]
Gold:   749        SH:  7    Dex: 31    Spells: 3/36 levels left

rFire    + . .     SeeInvis .     - Unarmed
rCold    + . .     Gourm    .   J - +0 buckler
rNeg     + . .     Faith    .   (armour currently unavailable)
rPois    ∞         Spirit   +   g - +1 helmet
rElec    +         Reflect  .   r - scarf {rC+ rF+}
rCorr    .         Harm     .   (gloves currently unavailable)
MR       ++...                  (no barding)
Stlth    +.........             A - amulet of guardian spirit
HPRegen  0.39/turn              m - ring of protection from magic
MPRegen  0.22/turn              o - ring "Qicyg" {+Fly rElec Dex+4 Stlth-}

@: statue-form, very slow
A: large, hooves 3, deformed body
a: End Transformation, Bend Time, Temporal Distortion, Slouch, Step From Time,
Renounce Religion, Evoke Flight


You were on level 4 of the Snake Pit.
You worshipped Cheibriados.
Cheibriados was exalted by your worship.
You were not hungry.
You were a stone statue.
You visited 5 branches of the dungeon, and saw 28 of its levels.
You also visited: Sewer and Ice Cave.

You collected 2760 gold pieces.
You spent 2011 gold pieces at shops.

Inventory:

Hand Weapons
 a - a +5 short sword of draining
Armour
 f - a +0 troll leather armour
 g - a +1 helmet (worn)
 l - a +1 pair of gloves (melded)
 p - a +2 robe of magic resistance (melded)
 q - a scarf of cloud immunity
 r - a scarf of resistance (worn)
 u - a +0 shield
 z - the +4 centaur barding of Qymeycynwu (melded) {rPois rCorr Int+2 Dex+2}
   (You acquired it in an ice cave)

   It affects your intelligence (+2).
   It affects your dexterity (+2).
   It protects you from poison.
   It protects you from acid and corrosion.
 J - a +0 buckler (worn)
Magical Staves
 s - an uncursed staff of conjuration {!a}
 t - an uncursed staff of summoning {!a}
Jewellery
 e - an uncursed amulet of faith {unknown}
 m - a ring of protection from magic (left hand)
 o - the ring "Qicyg" (right hand) {+Fly rElec Dex+4 Stlth-}
   (You found it on level 9 of the Dungeon)

   [ring of loudness]

   It affects your dexterity (+4).
   It insulates you from electricity.
   It lets you fly.
   It makes you less stealthy.
 y - the amulet of Vukecul {Reflect rElec rPois rC+ MR- Dex+5 SH+5}
   (You found it on level 1 of the Snake Pit)

   [amulet of reflection]

   It shields you and reflects attacks.
   It affects your dexterity (+5).
   It protects you from cold.
   It insulates you from electricity.
   It protects you from poison.
   It affects your resistance to hostile enchantments.
   It affects your SH (+5).
 A - an amulet of guardian spirit (around neck)
 R - an uncursed ring of fire
 T - an uncursed ring of ice
Wands
 C - a wand of acid (1)
 E - a wand of enslavement (20)
 F - a wand of flame (53)
 M - a wand of polymorph (5)
 P - a wand of paralysis (1)
 U - a wand of disintegration (20)
Scrolls
 h - 3 scrolls of immolation {!r}
 i - 2 scrolls of fog
 n - 13 scrolls of remove curse {@r2}
 v - a scroll of silence {!r}
 w - 2 scrolls of amnesia
 B - a scroll of holy word
 N - a scroll of brand weapon
 Q - 8 scrolls of magic mapping
Potions
 b - 2 potions of mutation {!q}
 k - 2 potions of flight
 x - 2 potions of cancellation {!q}
 L - 4 potions of lignification {!q}
 V - 3 potions of brilliance
Miscellaneous
 D - a lightning rod (4/4) {!a}
 Z - a fan of gales (inert)
Comestibles
 c - 31 rations {!d}


   Skills:
 + Level 9.1 Fighting
 - Level 10.0 Short Blades
 + Level 8.2 Dodging
 - Level 1.1 Stealth
 - Level 2.4 Shields
 * Level 13.0 Unarmed Combat
 - Level 10.0 Spellcasting
 - Level 3.0 Conjurations
 - Level 1.0 Charms
 - Level 5.0 Summonings
 - Level 6.2 Necromancy
 - Level 4.1 Translocations
 - Level 9.0 Transmutations
   Level 3.0 Fire Magic
 - Level 5.0 Ice Magic
 - Level 3.0 Air Magic
 - Level 9.0 Earth Magic
 - Level 3.0 Poison Magic
 - Level 6.0 Invocations
 - Level 5.0 Evocations


You had 3 spell levels left.
You knew the following spells:

 Your Spells              Type           Power        Failure   Level  Hunger
a - Statue Form           Tmut/Erth      ######...    10%         6    #####..
i - Summon Ice Beast      Ice/Summ       ######..     3%          4    None
l - Blink                 Tloc           N/A          1%          2    None
m - Mephitic Cloud        Conj/Pois/Air  #####...     2%          3    None
n - Animate Dead          Necr           N/A          1%          4    None
r - Regeneration          Chrm/Necr      #####.....   1%          3    None
s - Animate Skeleton      Necr           N/A          1%          1    None
A - Agony                 Necr           ######..     5%          5    ##.....
U - Dispel Undead         Necr           ######..     5%          5    ##.....


Dungeon Overview and Level Annotations

Branches:
Dungeon (15/15)            Temple (1/1) D:7            Lair (6/6) D:11
 Shoals (0/4) Lair:3        Snake (4/4) Lair:3        Slime (0/5) Lair:6
    Orc (2/2) D:12            Elf (0/3) Orc:2        Vaults (0/5) D:14
 Depths (0/5) D:15

Altars:
Ashenzari
Cheibriados
Dithmenos
Elyvilon
Fedhas
Gozag
Hepliaklqana
Kikubaaqudgha
Makhleb
Nemelex Xobeh
Okawaru
Qazlal
Ru
Sif Muna
Trog
Uskayaw
Vehumet
Wu Jian
Xom
Yredelemnul
Zin
The Shining One
Beogh

Shops:
Orc:2 :[*(

Annotations:
D:5 Blork the orc
D:7 dstrtnsr's ghost, novice CeIE
Lair:3 exclusion: 2 oklob plants
Snake:2 exclusion: downstairs


Innate Abilities, Weirdness & Mutations

You have hooves in place of feet.
Armour fits poorly on your strangely shaped body.
((You cover ground very quickly.))
((You have extremely tough skin. (AC +3)))


Message History

The nagaraja points at your anaconda zombie and mumbles some strange words.
Your anaconda zombie looks slightly unstable.
Unknown command.
Your anaconda zombie disappears!
Something grabs your naga ritualist zombie.
Something bites your naga ritualist zombie but does no damage.
Your naga ritualist zombie is constricted.
Something hits your naga ritualist zombie!
Something bites your naga ritualist zombie!
Your naga ritualist zombie is constricted.
Something hits your naga ritualist zombie but does no damage.
Something bites your naga ritualist zombie!
Your naga ritualist zombie is constricted.
Something hits your naga ritualist zombie!
Something bites your naga ritualist zombie.
Your naga ritualist zombie is constricted.
Your naga ritualist zombie is destroyed!
The nagaraja spits poison at you. The splash of poison misses you.
Unknown command.
Unknown command.
You closely miss the nagaraja. You kick the nagaraja!
The nagaraja is lightly wounded.
The nagaraja shouts!
The nagaraja hits you but does no damage.
The nagaraja grabs you.
* * * LOW HITPOINT WARNING * * *
The nagaraja constricts you.
Damage: -1%(-3hp) hp: 20%(34hp)
You punch the nagaraja! Your kick misses the nagaraja.
The nagaraja is moderately wounded.
The nagaraja barely misses you. The nagaraja constricts you.
The nagaraja hits you but does no damage.
* * * LOW HITPOINT WARNING * * *
The nagaraja constricts you.
Damage: -1%(-1hp) hp: 19%(33hp) Unknown command.
You pummel the nagaraja!! Your kick misses the nagaraja.
The nagaraja is heavily wounded.
You hear a shout!
The nagaraja gestures wildly while chanting.
The nagaraja seems to speed up.
The nagaraja gestures at you while chanting.
The bolt of poison misses you. The nagaraja constricts you.
Unknown command.
You hit the nagaraja but do no damage. You kick the nagaraja.
The nagaraja is heavily wounded.
The nagaraja hits you but does no damage.
The nagaraja constricts you.
The nagaraja hits you but does no damage.
* * * LOW HITPOINT WARNING * * *
The nagaraja constricts you.
The nagaraja hits you from afar with a spear.
* * * LOW HITPOINT WARNING * * *
A naga sharpshooter comes into view. It is wielding a flail.
Damage: -4%(-6hp) hp: 16%(28hp)
Okay, then.
Unknown command.
You hit the nagaraja but do no damage. You kick the nagaraja!
The nagaraja is severely wounded.
You block the nagaraja's attack. The nagaraja constricts you.
The nagaraja hits you but does no damage.
The naga sharpshooter unwields an uncursed flail.
The naga sharpshooter wields an uncursed shortbow.
The naga sharpshooter casts a spell.
The naga sharpshooter magically shoots an arrow.
You block the arrow. The nagaraja spits poison at you.
The splash of poison hits you! You resist. The nagaraja constricts you.
The nagaraja hits you but does no damage.
The nagaraja gestures wildly while chanting.
The nagaraja seems to speed up.
Unknown command.
You closely miss the nagaraja. You kick the nagaraja.
The nagaraja is severely wounded.
The nagaraja is no longer moving quickly.
The nagaraja points at you and mumbles some strange words.
You resist with almost no effort.
* * * LOW HITPOINT WARNING * * *
The nagaraja constricts you.
The nagaraja casts a spell.
The nagaraja seems to speed up.
The nagaraja points at you and mumbles some strange words.
The poison arrow hits you! You partially resist.
* * * LOW HITPOINT WARNING * * *
The nagaraja constricts you.
The nagaraja hits you from afar with a spear!
* * * LOW HITPOINT WARNING * * *
Huge Dmg: -11%(-20hp) hp: 5%(8hp) Unknown command.
Unknown command.
Okay, then.
Unknown command.
You pummel the nagaraja!!
You kill the nagaraja!
Cheibriados thoroughly appreciates the change of pace.
The nagaraja spits poison at you. The splash of poison misses you.
The nagaraja hits you from afar with a spear!
You die...

####(#.#.###....N.,,,##....##...#
....)).....###..N.,**#.....##...#
.............##NN.####.....##...#
.............#...NNN.##.(..##.).#
.............##...NNN.##...##...#
####..........***#N.)).##..##...#
***##.........,,,###)N..#..##...#
,,,*#......########SN...#..##...#
,,,*#....###....8[NN...##..##...#
,,,*#...##...(....N..###...##...#
,,,*#...#...)#########.....##...#
,,,*#...#...........##.....##...#
*'#*#...##.....(.....#.....##...#
#.###....#######(..).##....##...#
...##...).....(.....)......##...#
...##....############..######...#
...##....############...####....#


You could see 3 nagarajas, a naga sharpshooter, a salamander and an anaconda.

Vanquished Creatures
  Vashnia (Snake:3)
  8 nagarajas
  An orc warlord (Orc:2)
  A frost giant (IceCv)
  A dire elephant (Lair:6)
  The ghost of Thaneod the Cleaver, a journeyman DsBe of Trog (Orc:2)
  Fannar (Lair:1)
  An ogre mage (D:15)
  4 hydras
  15 naga warriors
  The ghost of Karim the Thaumaturge, a journeyman GnFE of Cheibriados (D:12)
  A merfolk avatar (Lair:6)
  17 anacondas
  A death knight (D:13)
  A tengu warrior (D:14)
  10 two-headed ogres
  3 shock serpents
  A death yak (IceCv)
  2 orc high priests
  8 naga sharpshooters
  7 skeletal warriors
  A swamp dragon (Snake:4)
  2 unseen horrors
  A deep troll (Snake:1)
  2 necromancers (D:14)
  7 naga ritualists
  11 mana vipers
  4 orc knights (Orc:2)
  2 phantasmal warriors (D:14)
  3 manticores
  2 orc sorcerers (Orc:2)
  2 deep elf magi
  4 cyclopes
  4 ugly things
  A centaur zombie (D:10)
  10 slime creatures
  3 salamanders
  An ice statue (IceCv)
  6 elephants
  11 naga magi
  36 black mambas
  12 guardian serpents
  7 spiny frogs
  3 rime drakes
  A freezing wraith (D:13)
  3 komodo dragons
  A tengu conjurer (D:13)
  10 trolls
  5 blink frogs
  18 polar bears
  A hornet (Lair:6)
  A wind drake (Lair:6)
  Prince Ribbit (D:5)
  2 hippogriffs (Lair:5)
  4 vampires
  A spriggan (D:10)
  2 wyverns
  A fire dragon skeleton (D:15)
  An ice dragon skeleton (D:15)
  2 shadows
  35 yaks
  4 wraiths
  8 vampire mosquitoes
  Edmund (D:5)
  2 wargs
  29 nagas
  2 swamp worms (Snake:3)
  2 acid dragons
  11 water moccasins
  A porcupine (Lair:5)
  34 orc warriors
  2 sky beasts
  2 swamp drakes
  3 phantoms
  An eye of draining (D:11)
  Purgy (Sewer)
  2 black bears
  12 ice beasts
  An ogre (shapeshifter) (D:15)
  14 ogres
  10 crocodiles
  31 wolves
  16 centaurs
  3 big kobolds
  20 bullfrogs
  3 scorpions
  A wyvern skeleton (D:13)
  4 killer bees (D:9)
  9 howler monkeys
  10 wights
  4 electric eels
  4 crimson imps
  4 jellies
  9 hounds
  A gnoll shaman (D:7)
  14 orc priests
  A bullfrog skeleton (D:8)
  An iguana (Orc:2)
  5 centaur skeletons
  Ijyb (D:3)
  5 hell rats (Lair:3)
  21 orc wizards
  21 worker ants
  A worker ant zombie (D:6)
  A howler monkey skeleton (D:11)
  5 gnolls (D:7)
  6 adders
  2 shadow imps
  A white imp (Orc:2)
  4 oozes
  2 adder skeletons
  A worm (D:2)
  2 dart slugs
  6 leopard geckos
  86 orcs
  7 giant cockroaches
  10 goblins
  8 hobgoblins
  10 jackals
  29 kobolds
  4 quokkas
  6 bats
  11 frilled lizards
  A quokka zombie (D:5)
  7 rats
  5 fungi (Orc:2)
855 creatures vanquished.

Vanquished Creatures (collateral kills)
  Mara (Snake:3)
  2 nagarajas (Snake:4)
  Aizul (Snake:1)
  An ogre mage (D:15)
  3 hydras
  2 anacondas
  2 naga warriors
  A centaur warrior (D:15)
  4 two-headed ogres
  A death knight (D:14)
  A tengu warrior (D:14)
  A vampire mage (D:15)
  A shock serpent (Snake:1)
  3 naga sharpshooters
  A skeletal warrior (D:15)
  A sea snake (Lair:6)
  4 naga ritualists
  An unseen horror (D:13)
  A deep elf mage (Orc:2)
  A necromancer (D:15)
  2 harpies (Lair:6)
  2 mana vipers
  An iron dragon zombie (D:15)
  3 orc knights
  2 slime creatures (D:14)
  2 salamanders
  9 black mambas
  A centaur zombie (D:15)
  2 elephants (Lair:5)
  A centaur skeleton (D:14)
  2 guardian serpents (Snake:4)
  6 naga magi
  3 spiny frogs
  A spriggan skeleton (D:15)
  A kobold demonologist (D:15)
  5 komodo dragons
  4 polar bears
  3 blink frogs
  3 hippogriffs
  A wyvern (Lair:6)
  5 yaks
  3 basilisks
  2 vampire mosquitoes
  2 hungry ghosts (D:13)
  2 wargs (D:14)
  18 nagas
  A swamp worm (Snake:3)
  4 porcupines
  A water moccasin (Lair:3)
  A swamp drake (Snake:3)
  2 orc warriors
  An eye of draining (D:13)
  An ice beast (D:13)
  3 ogres
  3 wolves
  A centaur (D:14)
  6 crocodiles
  3 bullfrogs
  3 big kobolds (D:15)
  4 wights (D:14)
  An electric eel (D:12)
  A hound (D:13)
  3 orc priests
  A jelly (D:13)
  An orc wizard (Orc:2)
  A quasit (D:15)
  An iron imp (Orc:2)
  A hell rat (Lair:3)
  11 orcs
  A kobold (D:15)
  A fungus (Lair:6)
176 creatures vanquished.

Vanquished Creatures (others)
  An alligator (Snake:3)
  A shock serpent (Snake:3)
  An ugly thing (D:14)
  A polar bear (IceCv)
  A vampire mosquito (Snake:3)
  A swamp worm (Snake:3)
  A wolf (IceCv)
  2 orcs
  A giant cockroach (Snake:4)
  12 fungi
  11 plants
  2 withered plants (D:15)
35 creatures vanquished.

Grand Total: 1066 creatures vanquished

Notes
Turn   | Place    | Note
-------+----------+-------------------------------------------
     0 | D:1      | dstrtnsr the Centaur Ice Elementalist began the quest for the Orb.
     0 | D:1      | Reached XP level 1. HP: 14/14 MP: 3/3
   203 | D:1      | Reached XP level 2. HP: 18/20 MP: 0/4
   330 | D:1      | Reached skill level 1 in Short Blades
   413 | D:2      | Reached XP level 3. HP: 27/27 MP: 4/6
   477 | D:2      | Reached skill level 1 in Fighting
   507 | D:2      | Learned a level 3 spell: Ozocubu's Armour
   627 | D:2      | Found a sparkling altar of Nemelex Xobeh.
   659 | D:2      | Reached XP level 4. HP: 24/35 MP: 3/7
   676 | D:1      | Reached skill level 1 in Charms
  1062 | D:3      | HP: 14/36 [rat (2)]
  1067 | D:3      | Reached XP level 5. HP: 13/41 MP: 3/8
  1228 | D:4      | HP: 4/41 [orc priest/divine providence (13)]
  1311 | D:4      | HP: 10/41 [giant cockroach (1)]
  1316 | D:4      | HP: 10/41 [orc/hand axe of freezing (1)]
  1533 | D:3      | HP: 16/42 [worker ant (3)]
  1538 | D:3      | HP: 13/42 [poisoned by a worker ant]
  1543 | D:3      | HP: 10/42 [poisoned by a worker ant]
  1549 | D:3      | HP: 8/42 [poisoned by a worker ant]
  1555 | D:3      | HP: 6/42 [poisoned by a worker ant]
  1587 | D:3      | Found a blossoming altar of Fedhas.
  1596 | D:3      | Noticed Ijyb
  1611 | D:3      | Killed Ijyb
  1665 | D:4      | Reached XP level 6. HP: 30/50 MP: 5/9
  1744 | D:4      | HP: 19/50 [something (4)]
  1751 | D:4      | HP: 15/50 [orc/club (1)]
  1909 | D:4      | HP: 15/51 [centaur skeleton (8)]
  1957 | D:4      | HP: 19/51 [hound (2)]
  2031 | D:4      | HP: 18/51 [worker ant (4)]
  2092 | D:4      | HP: 15/51 [scorpion (6)]
  2093 | D:4      | HP: 5/51 [scorpion (9)]
  2096 | D:4      | Reached skill level 5 in Short Blades
  2096 | D:4      | Reached XP level 7. HP: 33/57 MP: 4/10
  2132 | D:4      | HP: 19/57 [phantom (8)]
  2139 | D:4      | HP: 14/57 [phantom (6)]
  2140 | D:4      | HP: 6/57 [phantom (8)]
  2238 | D:4      | HP: 14/58 [orc/hand axe of freezing (3)]
  2240 | D:4      | Found an ornate altar of the Wu Jian Council.
  2329 | D:5      | Entered Level 5 of the Dungeon
  2526 | D:5      | Noticed Prince Ribbit
  2548 | D:5      | Killed Prince Ribbit
  2763 | D:5      | Noticed Edmund
  2774 | D:5      | Killed Edmund
  2774 | D:5      | Reached XP level 8. HP: 46/67 MP: 5/11
  2801 | D:5      | Reached skill level 5 in Fighting
  2859 | D:5      | HP: 27/68 [poisoned by a kobold]
  2864 | D:5      | HP: 20/68 [poisoned by a kobold]
  2869 | D:5      | HP: 13/68 [poisoned by a kobold]
  2947 | D:5      | HP: 27/68 [poisoned by a kobold]
  2954 | D:5      | HP: 26/68 [poisoned by a kobold]
  2964 | D:5      | HP: 26/68 [poisoned by a kobold]
  2970 | D:5      | HP: 26/68 [poisoned by a kobold]
  2975 | D:5      | HP: 25/68 [poisoned by a kobold]
  3010 | D:6      | HP: 26/68 [worker ant zombie (3)]
  3060 | D:6      | HP: 23/68 [hound (6)]
  3074 | D:5      | HP: 14/68 [hound (1)]
  3153 | D:5      | HP: 15/69 [centaur/arrow (11)]
  3162 | D:5      | HP: 7/69 [centaur/arrow (10)]
  3167 | D:5      | HP: 8/103 [centaur (3)]
  3180 | D:5      | Reached skill level 1 in Shields
  3234 | D:5      | Noticed Blork the orc
  3304 | D:5      | HP: 26/69 [centaur (1)]
  3393 | D:6      | Found a glowing drain.
  3397 | Sewer    | Entered a sewer
  3452 | Sewer    | Noticed Purgy
  3493 | Sewer    | Killed Purgy
  3963 | D:6      | Reached XP level 9. HP: 75/75 MP: 4/12
  4264 | D:7      | Found a staircase to the Ecumenical Temple.
  4273 | Temple   | Entered the Ecumenical Temple
  4346 | Temple   | Became a worshipper of Cheibriados the Contemplative
  4482 | D:7      | Learned a level 2 spell: Blink
  4486 | D:7      | Learned a level 3 spell: Mephitic Cloud
  4490 | D:7      | Learned a level 3 spell: Conjure Flame
  4500 | D:7      | Reached skill level 1 in Conjurations
  4618 | D:7      | Noticed dstrtnsr's ghost (novice CeIE)
  4704 | D:7      | Reached skill level 1 in Translocations
  4704 | D:7      | Reached skill level 1 in Fire Magic
  4704 | D:7      | Reached skill level 1 in Air Magic
  4768 | D:8      | Reached skill level 1 in Poison Magic
  4998 | D:8      | Noticed a two-headed ogre
  5000 | D:8      | Found a shadowy altar of Dithmenos.
  5004 | D:8      | Killed a two-headed ogre
  5004 | D:8      | Reached XP level 10. HP: 44/86 MP: 3/13
  5093 | D:8      | Found a sacrificial altar of Ru.
  5094 | D:8      | Found an ancient bone altar of Kikubaaqudgha.
  5369 | D:9      | Found a shattered altar of Ashenzari.
  5379 | D:9      | Got a crude silver ring
  5380 | D:9      | Identified the ring "Qicyg" {+Fly rElec Dex+4 Stlth-} (You found it on level 9 of the Dungeon)
  5500 | D:9      | Reached * piety under Cheibriados
  5662 | D:9      | Found a transporter.
  5688 | D:9      | Found a transporter.
  5777 | D:9      | Identified the Incunabulum of Mutagenic Attacks
  5782 | D:9      | HP: 34/86 [poisoned by a killer bee]
  5788 | D:9      | HP: 34/86 [poisoned by a killer bee]
  5813 | D:10     | Entered Level 10 of the Dungeon
  6030 | D:10     | Reached ** piety under Cheibriados
  6213 | D:11     | Noticed a manticore
  6245 | D:11     | Noticed a two-headed ogre
  6251 | D:11     | Killed a two-headed ogre
  6295 | D:11     | HP: 29/88 [something (7)]
  6300 | D:11     | HP: 15/88 [barbs]
  6324 | D:11     | HP: 18/88 [orc/flail (4)]
  6336 | D:11     | Learned a level 4 spell: Summon Ice Beast
  6434 | D:11     | Reached skill level 1 in Summonings
  6434 | D:11     | Reached XP level 11. HP: 44/94 MP: 12/17
  6579 | D:10     | Reached *** piety under Cheibriados
  6791 | D:11     | HP: 36/94 [manticore (13)]
  6927 | D:11     | Found a staircase to the Lair.
  6996 | Lair:1   | Entered Level 1 of the Lair of Beasts
  7023 | Lair:1   | Noticed an eight-headed hydra
  7029 | Lair:1   | Killed an eight-headed hydra
  7118 | Lair:1   | Reached **** piety under Cheibriados
  7130 | Lair:1   | Reached skill level 1 in Invocations
  7133 | Lair:1   | Reached skill level 1 in Evocations
  7243 | Lair:1   | Noticed Fannar
  7263 | Lair:1   | Killed Fannar
  7415 | Lair:2   | Reached skill level 5 in Summonings
  7438 | Lair:2   | Reached skill level 5 in Ice Magic
  7587 | Lair:2   | HP: 34/94 [spiny frog (16)]
  7698 | Lair:2   | Noticed a four-headed hydra
  7707 | Lair:2   | Killed a four-headed hydra
  7707 | Lair:2   | Reached XP level 12. HP: 67/101 MP: 1/18
  7722 | Lair:2   | Learned a level 1 spell: Animate Skeleton
  7853 | Lair:3   | Reached ***** piety under Cheibriados
  7943 | Lair:3   | Reached skill level 5 in Spellcasting
  8010 | Lair:3   | Found a staircase to the Snake Pit.
  8015 | Lair:3   | Found an iron altar of Okawaru.
  8082 | Lair:3   | Learned a level 4 spell: Animate Dead
  8087 | Lair:3   | Found a staircase to the Shoals.
  8124 | Lair:3   | Reached skill level 1 in Necromancy
  8206 | Lair:3   | Noticed a seven-headed hydra
  8214 | Lair:3   | Killed a seven-headed hydra
  8393 | Lair:4   | Got a smoking leather armour
  8404 | Lair:4   | Identified the +2 leather armour of Summer {Slay+2} (You found it on level 4 of the Lair of Beasts)
  8590 | Lair:5   | HP: 40/101 [yak (7)]
  8601 | Lair:5   | HP: 22/101 [yak (12)]
  8813 | Lair:5   | Reached skill level 10 in Short Blades
  8822 | Lair:5   | Learned a level 3 spell: Regeneration
  8903 | Lair:4   | Reached skill level 5 in Invocations
  8930 | Lair:6   | Entered Level 6 of the Lair of Beasts
  9024 | Lair:6   | Reached skill level 5 in Necromancy
  9075 | Lair:6   | Noticed a merfolk avatar
  9078 | Lair:6   | Noticed a dire elephant
  9082 | Lair:6   | Found a staircase to the Slime Pits.
  9135 | Lair:6   | Identified a scroll of acquirement
  9225 | Lair:6   | HP: 40/101 [dire elephant (2)]
  9233 | Lair:6   | Killed a dire elephant
  9257 | Lair:6   | Reached ****** piety under Cheibriados
  9261 | Lair:6   | HP: 37/101 [wyvern (14)]
  9266 | Lair:6   | Reached XP level 13. HP: 39/107 MP: 3/23
  9271 | Lair:6   | Reached skill level 5 in Evocations
  9614 | Lair:6   | Learned a level 4 spell: Olgreb's Toxic Radiance
  9794 | Lair:3   | You fall through a shaft for 2 floors!
  9930 | D:12     | Noticed Karim's ghost (journeyman GnFE)
 10072 | D:12     | Killed Karim's ghost
 10102 | D:12     | Learned a level 3 spell: Ignite Poison
 10214 | D:12     | Found a staircase to the Orcish Mines.
 10227 | Orc:1    | Entered Level 1 of the Orcish Mines
 10433 | Orc:1    | Found a roughly hewn altar of Beogh.
 10447 | Orc:1    | HP: 30/107 [orc warrior/long sword[an orc high priest] (15)]
 10456 | Orc:1    | HP: 15/107 [troll (10)]
 10723 | Orc:2    | Entered Level 2 of the Orcish Mines
 10754 | Orc:2    | Noticed Thaneod's ghost (journeyman DsBe)
 10760 | Orc:2    | Found Koured's Book Emporium.
 10760 | Orc:2    | Found a staircase to the Elven Halls.
 10775 | Orc:2    | Killed Thaneod's ghost
 10784 | Orc:2    | Reached skill level 5 in Dodging
 10817 | Orc:2    | HP: 36/107 [orc warrior/hand axe (7)]
 10869 | Orc:2    | Found Nyopul's Antique Weapon Emporium.
 10869 | Orc:2    | Noticed an orc warlord
 10891 | Orc:2    | HP: 32/107 [orc warrior/mace (13)]
 10896 | Orc:2    | HP: 21/107 [orc/hand axe (6)]
 10913 | Orc:2    | HP: 35/107 [orc knight/war axe (10)]
 10937 | Orc:2    | HP: 28/107 [orc warrior/trident (8)]
 10984 | Orc:2    | HP: 40/107 [orc knight/enchanted battleaxe (17)]
 10989 | Orc:2    | HP: 31/107 [orc knight/enchanted battleaxe (10)]
 11171 | Orc:2    | Bought a book of Death for 910 gold pieces
 11171 | Orc:2    | Bought a book of the Earth for 845 gold pieces
 11179 | Orc:2    | Learned a level 5 spell: Agony
 11422 | Orc:2    | Found Jafeunia's General Store.
 11457 | Orc:2    | Killed an orc warlord
 11603 | Orc:2    | Found Boreres's Antique Armour Emporium.
 11713 | Orc:2    | Bought a fine cloak for 256 gold pieces
 11723 | Orc:2    | Identified the +2 cloak "Daso" {-Tele rF+ rN+++} (You bought it in a shop on level 2 of the Orcish Mines)
 11747 | Orc:2    | Reached skill level 1 in Transmutations
 12086 | D:13     | Reached XP level 14. HP: 96/115 MP: 10/26
 12168 | D:13     | Learned a level 5 spell: Dispel Undead
 12186 | D:13     | Found a frozen archway.
 12220 | IceCv    | Entered an ice cave
 12424 | IceCv    | Got a twisted centaur barding
 12435 | IceCv    | Identified the +4 centaur barding of Qymeycynwu {rPois rCorr Int+2 Dex+2} (You acquired it in an ice cave)
 12846 | IceCv    | Noticed a frost giant
 12873 | IceCv    | Killed a frost giant
 13026 | D:13     | Found a sacrificial altar of Ru.
 13459 | D:14     | HP: 46/115 [seven-headed hydra (3)]
 13476 | D:14     | HP: 45/115 [slime creature (11)]
 13675 | D:14     | Reached skill level 10 in Spellcasting
 13688 | D:14     | Learned a level 6 spell: Statue Form
 13697 | D:14     | Found a glowing golden altar of the Shining One.
 13745 | D:14     | Reached skill level 5 in Transmutations
 13749 | D:14     | Reached skill level 1 in Earth Magic
 13764 | D:14     | Found a gate to the Vaults.
 14028 | D:15     | Entered Level 15 of the Dungeon
 14239 | D:15     | Reached XP level 15. HP: 117/121 MP: 1/29
 14395 | D:15     | Reached skill level 5 in Earth Magic
 14453 | D:15     | Found a staircase to the Depths.
 14533 | D:15     | HP: 39/121 [skeletal warrior/scimitar (19)]
 14555 | D:15     | HP: 35/121 [skeletal warrior/hand axe[a skeletal warrior] (13)]
 15042 | Snake:1  | Entered Level 1 of the Snake Pit
 15045 | Snake:1  | Got a wavering amethyst amulet
 15263 | Snake:1  | Noticed Aizul
 15275 | Snake:1  | Killed Aizul
 15308 | Snake:1  | Noticed a nagaraja
 15316 | Snake:1  | Killed a nagaraja
 15429 | Snake:1  | Got a polished leather armour
 15440 | Snake:1  | Identified the +2 leather armour "Iwuydghuwn" {rPois Regen+} (You found it on level 1 of the Snake Pit)
 15663 | Snake:2  | Identified the amulet of Vukecul {Reflect rElec rPois rC+ MR- Dex+5 SH+5} (You found it on level 1 of the Snake Pit)
 15808 | Snake:2  | HP: 58/157 [anaconda (11)]
 16099 | Snake:2  | Reached skill level 1 in Unarmed Combat
 16173 | Snake:2  | Reached skill level 2 in Unarmed Combat
 16456 | Snake:3  | Reached skill level 3 in Unarmed Combat
 16497 | Snake:3  | HP: 62/157 [swamp worm (1)]
 16506 | Snake:3  | HP: 39/121 [vampire mosquito (2)]
 16509 | Snake:3  | HP: 13/121 [naga sharpshooter/bolt (22)]
 16516 | Snake:3  | Reached XP level 16. HP: 52/128 MP: 3/30
 16643 | Snake:3  | Reached skill level 4 in Unarmed Combat
 16786 | Snake:3  | Reached skill level 5 in Unarmed Combat
 16853 | Snake:3  | Noticed Vashnia
 16855 | Snake:3  | Reached skill level 6 in Unarmed Combat
 16874 | Snake:3  | HP: 58/166 [Vashnia/bolt (19)]
 16876 | Snake:3  | Killed Vashnia
 16876 | Snake:3  | Reached skill level 7 in Unarmed Combat
 16880 | Snake:3  | HP: 46/166 [naga sharpshooter/arrow[Vashnia] (15)]
 16920 | Snake:3  | Noticed Mara
 16928 | Snake:3  | Killed Mara
 16928 | Snake:3  | Reached skill level 8 in Unarmed Combat
 17076 | Snake:3  | Reached skill level 9 in Unarmed Combat
 17151 | Snake:4  | Entered Level 4 of the Snake Pit
 17311 | Snake:4  | Reached skill level 10 in Unarmed Combat
 17447 | Snake:4  | Found a glowing silver altar of Zin.
 17585 | Snake:4  | Reached skill level 11 in Unarmed Combat
 17903 | Snake:4  | Reached skill level 12 in Unarmed Combat
 17993 | Snake:4  | Reached XP level 17. HP: 134/134 MP: 28/31
 18027 | Snake:4  | HP: 47/134 [anaconda (15)]
 18033 | Snake:4  | HP: 49/174 [anaconda (4)]
 18037 | Snake:4  | HP: 24/175 [anaconda (7)]
 18050 | Snake:4  | HP: 19/175 [anaconda (1)]
 18052 | Snake:4  | HP: 7/175 [anaconda (3)]
 18058 | Snake:4  | HP: 13/176 [anaconda (1)]
 18063 | Snake:4  | HP: 4/176 [naga sharpshooter/arrow (9)]
 18259 | Snake:4  | HP: 70/176 [nagaraja/poison arrow (11)]
 18264 | Snake:4  | HP: 37/178 [nagaraja/spear (5)]
 18265 | Snake:4  | Reached skill level 13 in Unarmed Combat
 18269 | Snake:4  | HP: 34/178 [nagaraja (4)]
 18274 | Snake:4  | HP: 25/178 [nagaraja (4)]
 18274 | Snake:4  | HP: 8/178 [nagaraja/spear (10)]
 18275 | Snake:4  | Mangled by a nagaraja

Vault maps used:
D:1:      ncdulo_lavacross
D:2:      nicolae_overflow_hidden_temple, grunt_ministairs_14
D:3:      fedhas_altar_1, uniq_ijyb
D:4:      kennysheep_little_box, minmay_crossroads
D:5:      minmay_diamond_boxcup, first_ration, uniq_prince_ribbit1,
          uniq_blork_the_orc, uniq_edmund
D:6:      gup_sewer_entry_bowl
D:7:      minmay_temple_entry_overgrown
D:8:      lemuel_round_altar, gammafunk_temple_overflow_pools
D:9:      gammafunk_steamed_eel, ashenzari_altar_1
D:10:     the_bakery, uniq_grum
D:11:     david_lair_shrubbed, kennysheep_generic_room_5
D:12:     erik_orc_2
D:13:     lab_entry_generic, portal_ice_cave_entry_ice_beasts,
          nicolae_ru_path_of_blood
D:14:     david_vaults_1, minmay_misc_feat_chi, nicolae_tso_swordbearing_angel
D:15:     gammafunk_depths_entry_grave, nicolae_sextant,
          hangedman_decor_riveting, evilmike_minifort, uniq_sonja
Temple:   minmay_temple_bridge_d
Lair:1:   uniq_fannar
Lair:2:   grunt_megastairs_1
Lair:3:   shoals_dummy_entry, dummy_snake_entry, lemuel_altar_in_water2,
          grunt_megastairs_4, lemuel_fruit_tree, minmay_lair_oklob_chamber
Lair:5:   serial_bayou_lake_a
Lair:6:   gammafunk_lair_ancient_temple, slime_dummy,
          eino_small_chamber_without_monster
Snake:1:  nicolae_snake_double_loop, nicolae_snake_round_shape_thing,
          spider_trap, st_stairs_6, uniq_aizul
Snake:2:  nicolae_snake_biting_tails, hangedman_snake_thin_pillar_pass
Snake:3:  onia_ninara_swampy_vault, grunt_megastairs_3, serial_bayou_shore_b,
          uniq_vashnia, uniq_mara
Snake:4:  grunt_snake_rune_serpentine_throne, basic_altar
Orc:1:    kennysheep_orc_chapel
Orc:2:    grunt_orc_gardens, grunt_orc_garden, grunt_orc_garden,
          grunt_orc_garden, grunt_orc_garden, hangedman_minor_magic
Sewer:    sewer_the_crocodile
IceCv:    ice_cave_caverns_01

Skill      XL: |  1  2  3  4  5  6  7  8  9 10 11 12 13 14 15 16 17 |
---------------+----------------------------------------------------+-----
Ice Magic      | 3 5 |  5.0
Spellcasting   | 2 4 7 8 10 | 10.0
Short Blades   | 1 2 3 5 6 8 9 10 | 10.0
Fighting       | 1 2 3 4 6 7 8 9 |  9.1
Charms         | 1 |  1.0
Shields        | 2 |  2.4
Conjurations   | 2 3 |  3.0
Translocations | 2 4 |  4.1
Fire Magic     | 2 3 |  3.0
Air Magic      | 2 3 |  3.0
Poison Magic   | 2 3 |  3.0
Summonings     | 1 5 |  5.0
Invocations    | 4 5 6 |  6.0
Evocations     | 3 4 5 |  5.0
Necromancy     | 5 6 |  6.2
Dodging        | 6 7 8 |  8.2
Transmutations | 1 5 8 9 |  9.0
Earth Magic    | 4 9 |  9.0
Unarmed Combat | 3 12 13 | 13.0
Stealth        | |  1.1

Action                   |  1- 3 |  4- 6 |  7- 9 | 10-12 | 13-15 | 16-18 || total
-------------------------+-------+-------+-------+-------+-------+-------++-------
Melee: Unarmed           |     4 |       |    41 |       |       |   315 ||   360
       Short sword       |    67 |    93 |   268 |   513 |  1073 |       ||  2014
       Kick              |     7 |    16 |    48 |   237 |   647 |   178 ||  1133
       Dagger            |       |       |       |    46 |       |       ||    46
Throw: Stone             |       |       |     1 |     4 |       |       ||     5
       Tomahawk          |       |       |     6 |       |       |       ||     6
 Cast: Freeze            |    28 |    58 |    48 |    20 |       |       ||   154
       Ozocubu's Armour  |     1 |       |     1 |       |       |       ||     2
       Conjure Flame     |       |       |     3 |    16 |     2 |       ||    21
       Mephitic Cloud    |       |       |     1 |    29 |    65 |       ||    95
       Summon Ice Beast  |       |       |       |    56 |    91 |     6 ||   153
       Animate Skeleton  |       |       |       |    12 |    10 |       ||    22
       Animate Dead      |       |       |       |     5 |    40 |    18 ||    63
       Regeneration      |       |       |       |     5 |    31 |    16 ||    52
       Ignite Poison     |       |       |       |       |    18 |       ||    18
       Olgreb's Toxic Ra |       |       |       |       |     9 |       ||     9
       Blink             |       |       |       |       |     7 |     3 ||    10
       Agony             |       |       |       |       |    12 |     3 ||    15
       Dispel Undead     |       |       |       |       |    30 |       ||    30
       Statue Form       |       |       |       |       |     5 |    29 ||    34
Invok: Slouch            |       |       |       |       |     2 |       ||     2
Evoke: Wand              |       |       |    41 |    52 |    97 |    13 ||   203
       Lightning rod     |       |       |       |       |     7 |     2 ||     9
       Box of beasts     |       |       |       |       |       |     3 ||     3
       Fan of gales      |       |       |       |       |       |     2 ||     2
  Use: Scroll            |       |     8 |     7 |    21 |    27 |     8 ||    71
       Potion            |       |     4 |    12 |     1 |    13 |     6 ||    36
 Stab: Sleeping          |     1 |     1 |       |       |       |       ||     2
       Confused          |       |       |       |     6 |    39 |       ||    45
       Distracted        |       |       |       |     4 |    15 |     3 ||    22
       Invisible         |       |       |       |       |     5 |       ||     5
       Paralysed         |       |       |       |       |     2 |       ||     2
  Eat: Chunk             |       |     4 |     9 |    17 |    12 |     2 ||    44
       Ration            |       |       |       |       |     3 |     3 ||     6
Armor: Robe              |    38 |    37 |    46 |    82 |   246 |    12 ||   461
       Skin              |       |       |    39 |       |    65 |   262 ||   366
Dodge: Dodged            |    34 |    59 |    81 |   155 |   558 |   481 ||  1368
Block: Buckler           |       |       |    37 |    84 |   308 |   239 ||   668

Table legend:
 A = Spawn XP
 B = Non-spawn XP
 C = Spawn XP percentage of total XP
 D = Spawn monster count
 E = Non-spawn monster count
 F = Spawn count percentage of total count
 G = Total turns spent on level
                    A         B        C        D         E        F      G
               +---------+---------+-------+---------+---------+-------+---------
         Total |       0 |  243604 |   0.0 |       0 |    1026 |   0.0 | 18275
               +---------+---------+-------+---------+---------+-------+---------
           D:1 |       0 |      46 |   0.0 |       0 |      27 |   0.0 |   450
           D:2 |       0 |      96 |   0.0 |       0 |      30 |   0.0 |   465
           D:3 |       0 |     145 |   0.0 |       0 |      18 |   0.0 |   575
           D:4 |       0 |     715 |   0.0 |       0 |      27 |   0.0 |  1067
           D:5 |       0 |    1226 |   0.0 |       0 |      27 |   0.0 |   895
           D:6 |       0 |     764 |   0.0 |       0 |      22 |   0.0 |   514
           D:7 |       0 |     889 |   0.0 |       0 |      24 |   0.0 |   474
           D:8 |       0 |    2621 |   0.0 |       0 |      30 |   0.0 |   605
           D:9 |       0 |    1383 |   0.0 |       0 |      22 |   0.0 |   492
          D:10 |       0 |    1875 |   0.0 |       0 |      16 |   0.0 |   533
          D:11 |       0 |    3755 |   0.0 |       0 |      33 |   0.0 |   696
          D:12 |       0 |    2490 |   0.0 |       0 |      35 |   0.0 |   502
          D:13 |       0 |   10873 |   0.0 |       0 |      51 |   0.0 |   810
          D:14 |       0 |   13450 |   0.0 |       0 |      57 |   0.0 |   647
          D:15 |       0 |   20353 |   0.0 |       0 |      62 |   0.0 |   734
        Lair:1 |       0 |    4354 |   0.0 |       0 |      21 |   0.0 |   436
        Lair:2 |       0 |    4815 |   0.0 |       0 |      24 |   0.0 |   460
        Lair:3 |       0 |    4348 |   0.0 |       0 |      30 |   0.0 |   587
        Lair:4 |       0 |    1639 |   0.0 |       0 |      10 |   0.0 |   335
        Lair:5 |       0 |    6102 |   0.0 |       0 |      27 |   0.0 |   609
        Lair:6 |       0 |    8758 |   0.0 |       0 |      32 |   0.0 |   586
       Snake:1 |       0 |   15590 |   0.0 |       0 |      34 |   0.0 |   596
       Snake:2 |       0 |   15534 |   0.0 |       0 |      34 |   0.0 |   743
       Snake:3 |       0 |   35602 |   0.0 |       0 |      55 |   0.0 |   907
       Snake:4 |       0 |   57268 |   0.0 |       0 |     101 |   0.0 |   987
         Orc:1 |       0 |    3790 |   0.0 |       0 |      43 |   0.0 |   547
         Orc:2 |       0 |   13162 |   0.0 |       0 |      72 |   0.0 |  1026
         Sewer |       0 |     134 |   0.0 |       0 |       6 |   0.0 |   158
         IceCv |       0 |   11827 |   0.0 |       0 |      56 |   0.0 |   696
               +---------+---------+-------+---------+---------+-------+---------
